Map: Lightshade LE

Players

Unknown - Winner!

  • Race: Protoss Protoss
  • League: Diamond

Osiris

  • Race: Terran Terran
  • League: Master

VOD

Have the link to the VOD?

Description

Time

  • Played on: April 25, 2021, 4:30 a.m.
  • Length: 14:19
Show
View Real Time Build Order
Export as new Build Order

Unknown Protoss - Winner!

Build Orders: 1 Gate Expand 

Get SALT Encoding   

  12  0:00  Probe  
  13  0:12  Probe  
  14  0:17  Pylon  
  14  0:24  Probe  
  15  0:36  Probe  
  15  0:37  Gateway  
  16  0:48  Probe  
  17  1:08  Nexus  
  17  1:12  Assimilator  
  17  1:16  Probe  
  18  1:26  Cybernetics Core  
  18  1:29  Probe  
  19  1:37  Pylon  
  19  1:41  Probe  
  20  1:53  Probe  
  21  1:56  Gateway  
  21  1:58  Warp Gate (Chrono Boost)  
  21  2:00  Adept (Chrono Boost)  
  21  2:07  Probe  
  24  2:19  Probe  
  24  2:21  Probe  
  26  2:24  Stalker  
  28  2:32  Probe  
  29  2:39  Gateway  
  29  2:40  Probe  
  29  2:44  Probe  
  30  2:47  Assimilator  
  30  2:52  Probe  
  30  2:53  Adept (Chrono Boost)  
  30  2:56  Probe  
  34  3:05  Probe  
  35  3:06  Pylon  
  35  3:08  Probe  
  36  3:14  Assimilator  
  36  3:17  Probe  
  37  3:20  Probe (Chrono Boost)  
  38  3:32  Probe (Chrono Boost)  
  40  3:34  Probe (Chrono Boost)  
  40  3:35  Adept x3  
  40  3:40  Probe (Chrono Boost)  
  48  3:41  Pylon  
  48  3:42  Probe (Chrono Boost)  
  48  3:46  Probe  
  49  3:53  Probe  
  50  4:03  Stalker  
  50  4:04  Stalker x2  
  54  4:21  Probe  
  54  4:22  Probe  
  54  4:26  Twilight Council  
  52  4:31  Nexus  
  52  4:32  Stalker  
  52  4:33  Probe  
  52  4:35  Pylon, Probe  
  52  4:38  Assimilator  
  52  4:39  Sentry  
  52  4:44  Blink  
  52  4:45  Pylon  
  54  4:50  Probe x2, Pylon  
  56  4:57  Robotics Facility  
  56  5:02  Shield Battery  
  56  5:06  Probe (Chrono Boost)  
  57  5:12  Probe (Chrono Boost)  
  58  5:17  Probe (Chrono Boost)  
  59  5:23  Probe (Chrono Boost), Gateway  
  59  5:25  Gateway  
  59  5:27  Gateway  
  60  5:30  Probe (Chrono Boost)  
  60  5:31  Sentry  
  64  5:36  Probe (Chrono Boost)  
  64  5:40  Shield Battery  
  64  5:41  Stalker  
  67  5:44  Probe x2 (Chrono Boost)  
  67  5:45  Stalker  
  67  5:47  Observer (Chrono Boost)  
  67  5:49  Probe  
  72  5:52  Probe  
  72  5:55  Stalker  
  75  5:58  Probe  
  75  6:01  Probe  
  77  6:04  Probe  
  77  6:05  Robotics Bay  
  77  6:08  Observer  
  77  6:10  Probe  
  80  6:13  Probe  
  80  6:15  Stalker  
  80  6:16  Probe (Chrono Boost), Pylon  
  84  6:19  Stalker  
  84  6:22  Probe (Chrono Boost)  
  87  6:26  Assimilator  
  87  6:30  Probe (Chrono Boost)  
  87  6:31  Assimilator  
  90  6:34  Probe x2 (Chrono Boost), Stalker x2  
  90  6:38  Immortal (Chrono Boost)  
  95  6:40  Probe (Chrono Boost)  
  95  6:41  Probe (Chrono Boost)  
  95  6:45  Charge (Chrono Boost)  
  100  6:50  Probe  
  100  6:51  Probe  
  100  6:52  Probe  
  101  6:58  Pylon  
  101  7:01  Stalker x2  
  105  7:08  Probe  
  105  7:16  Colossus (Chrono Boost)  
  109  7:25  Extended Thermal Lance  
  109  7:26  Probe  
  108  7:30  Gateway  
  108  7:33  Gateway  
  108  7:35  Nexus  
  108  7:37  Pylon  
  108  7:38  Pylon  
  108  7:46  Zealot x4  
  108  7:47  Pylon  
  108  7:50  Pylon  
  114  7:54  Colossus (Chrono Boost)  
  110  7:58  Zealot x2  
  114  8:08  Zealot x3, Gateway  
  114  8:09  Zealot  
  114  8:10  Gateway  
  114  8:12  Gateway  
  122  8:24  Zealot  
  124  8:32  Pylon  
  124  8:35  Zealot x2, Pylon  
  124  8:36  Zealot x2  
  132  8:46  Colossus (Chrono Boost)  
  138  8:55  Zealot x2  
  110  9:06  Stalker x6  
  123  9:10  Probe x2, Forge  
  123  9:11  Probe x2  
  123  9:13  Pylon  
  126  9:21  Assimilator, Observer  
  126  9:22  Probe x2  
  128  9:25  Assimilator, Forge  
  128  9:28  Pylon, Forge  
  128  9:29  Pylon  
  128  9:31  Colossus (Chrono Boost)  
  128  9:33  Sentry x4  
  128  9:35  Zealot  
  144  9:50  Robotics Facility  
  144  9:53  Pylon  
  144  10:03  Templar Archives  
  144  10:09  Protoss Ground Weapons Level 1 (Chrono Boost), Protoss Ground Armor Level 1 (Chrono Boost)  
  144  10:11  Pylon  
  144  10:13  Pylon  
  144  10:16  Zealot x7  
  144  10:17  Zealot  
  160  10:23  Disruptor (Chrono Boost)  
  160  10:26  Protoss Shields Level 1 (Chrono Boost)  
  162  10:37  Psionic Storm, Pylon  
  162  10:38  Photon Cannon  
  162  10:40  Disruptor (Chrono Boost), Photon Cannon  
  162  10:47  Gateway  
  162  10:49  Gateway  
  165  10:50  Pylon  
  165  10:51  Pylon  
  165  10:54  Zealot x2  
  165  10:55  Zealot x5  
  177  10:57  Zealot  
  146  11:19  Zealot x5  
  146  11:20  Zealot x3  
  144  11:26  Colossus x2 (Chrono Boost)  
  134  11:42  High Templar x9  
  134  11:46  Archon  
  134  11:47  Archon x2  
  152  11:48  High Templar  
  154  12:03  Nexus  
  154  12:04  Pylon  
  154  12:05  Pylon  
  154  12:09  Disruptor (Chrono Boost)  
  157  12:21  Zealot x2  
  157  12:22  Colossus (Chrono Boost), High Templar x5  
  177  12:26  Archon x2  
  177  12:36  Assimilator  
  177  12:38  Disruptor  
  177  12:41  Assimilator  
  177  12:42  Pylon  
  178  13:08  Stargate x2  
  178  13:17  Zealot x2  
  178  13:18  Zealot x8  
  169  14:05  Stalker x10  
  147  14:15  Fleet Beacon  
Show
View Real Time Build Order
Export as new Build Order

Osiris Terran 

Build Orders: Reaper Expand 

Get SALT Encoding   

  12  0:00  SCV  
  13  0:12  SCV  
  14  0:17  Supply Depot  
  14  0:24  SCV  
  15  0:39  SCV  
  15  0:40  Barracks  
  16  0:43  Refinery  
  16  0:51  SCV  
  17  1:03  SCV  
  18  1:15  SCV  
  19  1:26  Reaper  
  19  1:27  Orbital Command  
  20  1:43  Command Center  
  20  1:53  SCV  
  21  1:57  Supply Depot  
  21  1:58  Marine  
  22  2:06  SCV  
  23  2:10  Factory  
  23  2:18  SCV  
  24  2:24  Barracks Reactor  
  24  2:26  Bunker  
  24  2:30  SCV  
  25  2:42  SCV  
  26  2:55  SCV  
  26  2:56  Hellion  
  26  2:57  Orbital Command  
  29  3:06  Marine x2  
  29  3:07  SCV  
  32  3:14  Refinery, Starport  
  32  3:19  SCV, Factory Tech Lab  
  33  3:24  SCV  
  34  3:27  Marine x2  
  34  3:31  SCV  
  37  3:42  SCV  
  37  3:43  SCV  
  37  3:44  Supply Depot  
  39  3:49  Marine x2  
  39  3:52  Siege Tank  
  44  3:55  Barracks  
  44  3:57  SCV  
  44  3:58  SCV  
  44  4:09  Starport Tech Lab  
  40  4:12  Marine x2  
  38  4:21  SCV  
  38  4:23  SCV  
  36  4:30  Marine x2  
  38  4:33  SCV  
  38  4:36  SCV  
  40  4:45  Barracks, SCV  
  41  4:47  Marine  
  41  4:48  Siege Tank, Marine  
  41  4:49  SCV  
  47  4:57  SCV  
  48  5:01  SCV  
  49  5:07  Marine x2  
  49  5:09  SCV  
  49  5:13  SCV  
  53  5:15  Refinery  
  53  5:16  Engineering Bay  
  53  5:21  SCV  
  53  5:23  Stimpack  
  54  5:34  Supply Depot  
  54  5:36  SCV, Factory Reactor, Marine x2  
  54  5:42  SCV  
  58  5:46  Combat Shield  
  58  5:47  Marine  
  58  5:48  Marine  
  60  5:50  SCV  
  60  5:54  Refinery  
  60  5:56  Command Center, Marine x2  
  63  5:57  Barracks  
  63  5:58  SCV  
  63  5:59  Terran Infantry Weapons Level 1  
  63  6:01  Barracks  
  64  6:04  SCV  
  64  6:08  Factory Reactor  
  64  6:10  Starport Reactor  
  65  6:11  Marine x2  
  65  6:12  SCV  
  65  6:16  SCV  
  69  6:23  Marine  
  70  6:27  Supply Depot  
  70  6:28  Supply Depot  
  70  6:42  Supply Depot, SCV x2, Marine  
  70  6:43  Marine, Marauder x2  
  78  6:49  Medivac x2  
  78  6:50  Barracks Tech Lab, Barracks Reactor  
  82  6:54  SCV x2  
  82  6:55  Supply Depot  
  82  6:56  Supply Depot  
  84  7:04  Marine  
  84  7:05  Marauder x2  
  84  7:07  Marine  
  89  7:09  Marauder  
  89  7:10  Widow Mine  
  94  7:26  Marauder x2, Orbital Command  
  94  7:27  Marine x2  
  94  7:29  Barracks Reactor  
  100  7:36  Medivac, Marauder  
  100  7:37  Medivac  
  106  7:38  Factory Reactor  
  103  7:45  Supply Depot x2  
  103  7:46  Marine x2  
  102  7:53  Terran Infantry Armor Level 1  
  102  7:57  Marauder x2  
  105  8:01  Marauder  
  107  8:07  Marine x3  
  107  8:08  Marine  
  115  8:14  SCV x2  
  115  8:16  Orbital Command  
  115  8:18  Marauder  
  119  8:25  Refinery, Marauder  
  119  8:26  Marauder  
  119  8:28  Viking x2  
  119  8:30  Marine, Widow Mine x2  
  128  8:37  Marine  
  128  8:39  Marauder  
  131  8:43  SCV x2  
  131  8:47  Marauder  
  135  8:53  Marine  
  135  8:54  Marauder, Marine x2  
  118  9:01  Marauder  
  107  9:03  Viking x2  
  107  9:04  SCV, Marine  
  107  9:05  SCV  
  111  9:10  Supply Depot  
  111  9:12  Supply Depot  
  111  9:14  Marine x2, Marauder  
  111  9:15  Marauder  
  117  9:24  SCV x2  
  117  9:26  SCV  
  117  9:27  Marine x2  
  117  9:28  Marauder  
  124  9:35  Viking x2  
  124  9:36  Marauder, Marine x2  
  132  9:43  SCV, Armory  
  132  9:44  SCV  
  132  9:45  SCV  
  135  9:46  Engineering Bay  
  135  9:54  Starport  
  135  9:55  SCV  
  135  9:57  Refinery, Marauder x2  
  135  9:58  Marine x2, Marauder  
  135  9:59  Marine x2  
  146  10:18  SCV x2  
  148  10:26  Marauder x3  
  148  10:27  Viking x2  
  158  10:32  Starport Reactor  
  158  10:35  Terran Infantry Weapons Level 2, Terran Infantry Armor Level 2  
  158  10:36  Terran Ship Weapons Level 1  
  158  10:43  Marine  
  158  10:44  Marine x3  
  158  10:47  Marauder  
  158  10:49  Barracks  
  164  10:50  Ghost Academy, Barracks  
  164  10:51  Barracks  
  164  10:59  Command Center  
  142  11:22  Marauder x2  
  142  11:23  Marauder  
  142  11:24  Marine x3  
  143  11:30  Marine  
  110  11:40  Widow Mine  
  110  11:41  Widow Mine  
  110  11:42  Barracks Tech Lab x3, Marine x3  
  110  11:44  Marauder  
  110  11:46  Enhanced Shockwaves  
  109  11:49  Liberator x4  
  121  11:59  Marine  
  121  12:00  Marine x2, Marauder x2  
  128  12:02  Marauder x2, Marine x2  
  128  12:03  Widow Mine x2  
  128  12:08  Marauder  
  140  12:20  Sensor Tower  
  140  12:22  Missile Turret  
  140  12:24  Supply Depot x2  
  140  12:26  Marauder x4  
  140  12:27  Marauder  
  140  12:28  Refinery, Marine x3, Widow Mine x2  
  157  12:39  Liberator x2  
  157  12:41  SCV  
  164  12:46  Planetary Fortress  
  156  13:09  Orbital Command  
  156  13:17  Ghost, Marauder x2  
  156  13:18  Ghost x2  
  164  13:38  Sensor Tower  
  164  13:39  Marauder, Marine x2  
  164  13:40  Marauder, Marine  
  180  13:59  SCV x2  
Tags
 
Add a new tag
Caveats
  • Supply blocks, unpowered buildings, or Contaminate may cause inaccurate times.
  • Supply counts are checked every 10 seconds.